 Dungeon Crawl Stone Soup version 0.18.1-48-g4cf74bf (webtiles) character file.

55 spiff the Grave Robber (level 3, -1/16 HPs)
             Began as a Vine Stalker Necromancer on June 27, 2016.
             Slain by a gnoll
             ... wielding a +0 spear
              (4 damage)
             ... on level 2 of the Dungeon.
             The game lasted 00:03:19 (1064 turns).

spiff the Grave Robber (Vine Stalker Necromancer)   Turns: 1064, Time: 00:03:19

Health: -1/16      AC:  2    Str: 10    XL:     3   Next: 93%
Magic:  0/7        EV: 16    Int: 15    God:
Gold:   39         SH:  0    Dex: 15    Spells: 2 memorised, 2 levels left

rFire  . . .     SeeInvis .       - Unarmed
rCold  . . .     Gourm    .     a - +0 robe
rNeg   . . .     Faith    .     (no shield)
rPois  .         Spirit   +     (no helmet)
rElec  .         Dismiss  .     (no cloak)
rCorr  .         Reflect  .     (no gloves)
SustAt .         Harm     .     (no boots)
MR     .....                    (no amulet)
Stlth  ++........               (no ring)
                                o - +4 ring of evasion

@: very slightly contaminated, not resistant to hostile enchantments, unstealthy
A: fangs 2, regeneration 1, magic shield, antimagic bite, no device heal 3, rot
immunity
a: no special abilities


You were on level 2 of the Dungeon.
You were hungry.

You visited 1 branch of the dungeon, and saw 2 of its levels.

You collected 39 gold pieces.

Inventory:

Missiles
 n - 7 poisoned javelins (quivered)
Armour
 a - a +0 robe (worn)
Jewellery
 o - a +4 ring of evasion (left hand)
Scrolls
 i - 2 scrolls of remove curse {unknown}
 k - a scroll of teleportation {unknown}
 l - a scroll of recharging {unknown}
 m - 2 scrolls of identify {unknown}
Potions
 e - a potion of lignification {unknown}
 g - a potion of agility {unknown}
 p - a potion of berserk rage {unknown}
Books
 b - a book of Necromancy

   Spells                             Type                      Level
   a - Pain                           Necromancy                   1
   b - Animate Skeleton               Necromancy                   1
   c - Vampiric Draining              Necromancy                   3
   d - Regeneration                   Charms/Necromancy            3
   e - Animate Dead                   Necromancy                   4
   f - Control Undead                 Necromancy                   4
Comestibles
 c - 2 bread rations
 d - a beef jerky
 h - a royal jelly
 j - a meat ration


   Skills:
 - Level 1.5 Dodging
 - Level 2.4 Stealth
 + Level 3.1 Unarmed Combat
 - Level 2.1 Spellcasting
 - Level 4.2 Necromancy


You had 2 spell levels left.
You knew the following spells:

 Your Spells              Type           Power        Failure   Level  Hunger
a - Pain                  Necr           ##..         4%          1    #......
r - Regeneration          Chrm/Necr      #.........   30%         3    ###....


Dungeon Overview and Level Annotations

Branches:
Dungeon (2/15)

Altars:


Innate Abilities, Weirdness & Mutations

You have extremely sharp teeth.
Your natural rate of healing is unusually fast.
When hurt, damage is shared between your health and your magic reserves.
Your bite disrupts and absorbs the magic of your enemies.
Potions and wands cannot restore your health.
You are immune to rotting.


Message History

You feel invigorated.
You kill the gnoll!
Your Unarmed Combat skill increases to level 3!
Your skin stops crawling.
The gnoll closely misses you. The gnoll hits you with a spear.
* * * LOW HITPOINT WARNING * * *
The gnoll barely misses you.
Things that are here:
a club; an enchanted dagger You hit the gnoll but do no damage.
You bite the gnoll. You drain its power.
You feel invigorated.
The gnoll is moderately wounded.
The gnoll barely misses you. The gnoll misses you.
You barely miss the gnoll. You bite the gnoll. You drain its power.
The gnoll is heavily wounded.
The gnoll hits you with a spear.
* * * LOW HITPOINT WARNING * * *
The gnoll hits you from afar with a spear!
You die...

#...# #...# #...#
######### #...#
#...@ggg# #...#
#<#####.# #...#
#.#####.#####...#####
#>.....g....'...'....
#######g#####...##..#
######.#####...###.#
#.....g[.......# #..
#...........#######.
#...................


You could see 3 gnolls.

Vanquished Creatures
  A gnoll (D:2)
  An adder (D:2)
  A dart slug (D:1)
  4 bats
  2 bat zombies (D:1)
  5 goblins
  3 hobgoblins
  10 jackals
  2 rats
29 creatures vanquished.

Notes
Turn   | Place    | Note
--------------------------------------------------------------
     0 | D:1      | spiff the Vine Stalker Necromancer began the quest for the Orb.
     0 | D:1      | Reached XP level 1. HP: 9/9 MP: 4/4
   204 | D:1      | Reached skill level 1 in Unarmed Combat
   204 | D:1      | Reached XP level 2. HP: 12/13 MP: 6/6
   580 | D:1      | Reached XP level 3. HP: 16/16 MP: 7/7
   965 | D:2      | Learned a level 3 spell: Regeneration
  1064 | D:2      | Slain by a gnoll

Skill      XL: |  1  2  3 |
---------------+----------+-----
Unarmed Combat | 1 2 3 |  3.1
Dodging        | |  1.5
Stealth        | |  2.4
Spellcasting   | |  2.1
Necromancy     | |  4.2

Action                   || total
-------------------------++-------
Melee: Unarmed           ||   137
       Bite              ||    35
       Punch             ||     1
 Cast: Regeneration      ||     1
 Stab: Sleeping          ||     2
Armor: Robe              ||    43
Dodge: Dodged            ||   159
